 Dungeon Crawl Stone Soup version 0.27-a0-1374-gc14e5d3922 (webtiles) character file.

Game seed: 18184926245479648147

797 HAL9000 the Cutter (level 7, -1/34 HPs)
             Began as a Vine Stalker Brigand on June 29, 2021.
             Killed from afar by an orc wizard (6 damage)
             ... with a magic dart
             ... on level 5 of the Dungeon.
             The game lasted 00:07:12 (4473 turns).

HAL9000 the Cutter (Vine Stalker Brigand)           Turns: 4473, Time: 00:07:13

Health: -1/34      AC:  3    Str: 13    XL:     7   Next: 89%
Magic:  0/8        EV: 11    Int: 13    God:
Gold:   135        SH:  0    Dex: 16    Spells: 6/6 levels left

rFire    . . .     SeeInvis .   q - +2 dagger (drain)
rCold    . . .     Faith    .   (no shield)
rNeg     . . .     Spirit   +   b - +0 robe
rPois    +         Reflect  .   (no helmet)
rElec    .         Harm     .   c - +0 cloak
rCorr    .         Rampage  .   (no gloves)
Will     .....                  (no boots)
Stlth    +++.......             (no amulet)
HPRegen  1.11/turn              m - ring of poison resistance
MPRegen  0.11/turn              (no ring)

@: studying Bows
A: fangs 2, regeneration 1, magic shield, antimagic bite, no potion heal 2
a: no special abilities


You were on level 5 of the Dungeon.
You visited 1 branch of the dungeon, and saw 5 of its levels.

You collected 135 gold pieces.

Inventory:

Hand Weapons
 h - a +0 rapier
 q - a +2 dagger of draining (weapon)
Missiles
 d - 5 poisoned darts (quivered)
Armour
 b - a +0 robe (worn)
 c - a +0 cloak (worn)
Jewellery
 m - a ring of poison resistance (left hand)
Scrolls
 a - a scroll of summoning {unknown}
 e - a scroll of noise {unknown}
 g - a scroll of acquirement {unknown}
 i - a scroll of vulnerability {unknown}
 l - 3 scrolls of fog
 n - a scroll of enchant weapon {unknown}
 p - 2 scrolls of brand weapon {unknown}
 r - a scroll of blinking {unknown}
Potions
 f - a potion of ambrosia
 j - a potion of heal wounds
 o - 2 potions of flight
 s - a potion of attraction {unknown}


   Skills:
 - Level 1.7 Fighting
 + Level 7.5 Short Blades
 - Level 3.3 Throwing
 - Level 0.7 Dodging
 - Level 4.8 Stealth


You had 6 spell levels left.
You didn't know any spells.
Your spell library contained the following spells:

 Spells                   Type           Power      Damage    Failure   Level
 Magic Dart               Conj           0%         1d3       30%         1
 Searing Ray              Conj           0%         3d3       43%         2
 Wereblood                Tmut           0%         N/A       43%         2
 Dazzling Flash           Conj/Hex       0%         N/A       67%         3
 Fulminant Prism          Conj/Hex       0%         3d6       97%         4
 Iskenderun's Mystic Bla  Conj/Tloc      0%         2d3       97%         4
 Agony                    Necr           0%         N/A       100%        5
 Death Channel            Necr           0%         N/A       100%        6
 Dragon Form              Tmut           0%         N/A       100%        7


Dungeon Overview and Level Annotations

Branches:
Dungeon (5/15)
 Temple: D:4-7

Altars:
Hepliaklqana
Okawaru
Sif Muna
Zin

Shops:
D:4 *


Innate Abilities, Weirdness & Mutations

You have extremely sharp teeth.
Your natural rate of healing is unusually fast.
When hurt, damage is shared between your health and your magic reserves.
Your bite disrupts and absorbs the magic of your enemies.
Potions cannot restore your health.


Message History

The orc wizard hits you with a +0 dagger.
The orc hits you but does no damage.
The orc wizard points at you and mumbles some strange words.
You are confused.
You barely miss the orc. Your bite misses the orc.
The orc is almost dead.
The orc completely misses you. The orc wizard completely misses you.
You bump into the stone wall.
The orc wizard hits you with a +0 dagger.
* * * LOW HITPOINT WARNING * * *
The orc hits you with a +0 mace.
* * * LOW HITPOINT WARNING * * *
The orc wizard closely misses you.
You hit the orc.
You kill the orc!
The orc wizard hits you with a +0 dagger.
* * * LOW HITPOINT WARNING * * *
You bump into the stone wall.
The orc wizard mumbles some strange words.
The orc wizard flickers and vanishes!
Deactivating autopickup; reactivate with Ctrl-A.
The orc wizard barely misses you.
You hit the orc wizard. You drain the orc wizard.
The orc wizard is heavily wounded.
Something hits you.
* * * LOW HITPOINT WARNING * * *
The orc wizard hits you but does no damage.
You bump into the stone wall.
Something hits you.
* * * LOW HITPOINT WARNING * * *
The orc wizard hits you with a +0 dagger.
* * * LOW HITPOINT WARNING * * *
You closely miss the orc wizard.
The orc wizard is heavily wounded.
You bump into the stone wall.
You feel less confused. Something hits you.
* * * LOW HITPOINT WARNING * * *
The orc wizard points at you and mumbles some strange words.
The magic dart hits you!
You die...

######### ########
#####.......######......#
....'.......#....#.....>+
....#.......#....#......#
..o.#.......#....'......#
#...#.......#....#......#
#...#.......#.(o)#......#
....#.......#.){@#).....#
....#.......#....#<.....#
....#...รท...#....#......#
....#.......'....#......#
....#.......#....#......#
....#.......#....#......#
....#.......#))).#......#
....#.......##)###......#
....#.......#....#......#


You could see an orc wizard (drained).

Vanquished Creatures
  Prince Ribbit (D:5)
  A necrophage (D:3)
  An ogre (D:4)
  A phantom (D:4)
  3 orc priests (D:5)
  A bullfrog skeleton (D:4)
  2 iguanas (D:5)
  2 orc wizards (D:5)
  3 gnolls (D:3)
  An adder (D:3)
  A worm (D:3)
  5 dart slugs
  12 orcs
  7 bats
  7 endoplasms
  3 giant cockroaches
  6 hobgoblins
  4 quokkas
  8 ball pythons
  3 frilled lizards
  5 goblins
  4 kobolds
  3 rats (D:1)
84 creatures vanquished.

Notes
Turn   | Place    | Note
-------+----------+-------------------------------------------
     0 | D:1      | HAL9000 the Vine Stalker Brigand began the quest for the
                  | Orb.
     0 | D:1      | Reached XP level 1. HP: 11/11 MP: 2/2
    37 | D:1      | Found a faded altar of an unknown god.
   416 | D:1      | Reached XP level 2. HP: 14/15 MP: 3/3
   924 | D:1      | Reached XP level 3. HP: 12/18 MP: 1/4
  1664 | D:2      | Reached skill level 2 in Short Blades
  2489 | D:3      | Found a glowing silver altar of Zin.
  2604 | D:3      | Gained mutation: Your natural rate of healing is unusually
                  | fast. [Vine Stalker growth]
  2604 | D:3      | Reached XP level 4. HP: 23/23 MP: 5/5
  2657 | D:3      | Noticed a necrophage
  2673 | D:3      | Killed a necrophage
  2674 | D:3      | Reached skill level 3 in Short Blades
  2674 | D:3      | Reached XP level 5. HP: 17/26 MP: 4/6
  2803 | D:3      | Reached skill level 4 in Short Blades
  2912 | D:3      | Found an iron altar of Okawaru.
  3301 | D:4      | Reached XP level 6. HP: 29/30 MP: 7/7
  3318 | D:4      | Found Zare Zis's Elemental Accessories.
  3351 | D:4      | Got the Incunabulum of Shifting Necromancy
  3495 | D:4      | Reached skill level 5 in Short Blades
  3913 | D:4      | Found a shimmering blue altar of Sif Muna.
  3986 | D:4      | Found a hazy altar of Hepliaklqana.
  4060 | D:5      | Entered Level 5 of the Dungeon
  4102 | D:5      | Noticed Prince Ribbit
  4201 | D:5      | Killed Prince Ribbit
  4202 | D:5      | Reached skill level 6 in Short Blades
  4202 | D:5      | Reached XP level 7. HP: 13/34 MP: 3/8
  4351 | D:5      | Reached skill level 7 in Short Blades
  4473 | D:5      | Killed from afar by an orc wizard

Illustrated notes

Levels and vault maps discovered:
D:1:      dpeg_arrival_pits, layout_basic, ebering_ecumenical_altar_webs,
          st_stairs_5
D:2:      layout_loops_ring, serial_park_tiny_1, hangedman_decor_riveting,
          minmay_bisected
D:3:      layout_rooms, lemuel_doored_altar, zin_academy
D:4:      layout_cave_pods, lemuel_blue_sif_altar, kennysheep_mini,
          nicolae_elemental_shop
D:5:      layout_gridville, serial_shops, shop_fountains, uniq_grinder,
          uniq_prince_ribbit1

Skill      XL: |  1  2  3  4  5  6  7 |
---------------+----------------------+-----
Throwing       | 2 3 |  3.3
Short Blades   | 2 3 4 6 7 |  7.5
Fighting       | |  1.7
Dodging        | |  0.7
Stealth        | |  4.8

Action                   |  1- 3 |  4- 6 |  7- 9 || total
-------------------------+-------+-------+-------++-------
Melee: Dagger            |   109 |   110 |    63 ||   282
       Bite              |    22 |    37 |    21 ||    80
Throw: Dart              |     3 |    22 |     1 ||    26
  Use: Scroll            |       |     4 |       ||     4
       Potion            |       |     1 |       ||     1
 Stab: Sleeping          |    10 |     3 |       ||    13
Armor: Robe              |    30 |    18 |     8 ||    56
Dodge: Dodged            |    57 |    52 |    20 ||   129

Table legend: (Time is in decaauts)
 A = Elapsed time spent in this place.
 B = Non-inter-level travel time spent in this place.
 C = Inter-level travel time spent in this place.
 D = Time resting spent in this place.
 E = Time spent auto-exploring this place.
 F = Levels seen in this place.
 G = Mean time per level.
                   A        B        C        D        E       F      G
               +--------+--------+--------+--------+--------+-----+--------+
         Total |   4412 |   4343 |     69 |   1038 |   2535 |   5 |  882.4 |
       Dungeon |   4412 |   4343 |     69 |   1038 |   2535 |   5 |  882.4 |
               +--------+--------+--------+--------+--------+-----+--------+

Top non-repeatable levels by time:
     D:1: 1281 daAuts
     D:2: 1176 daAuts
     D:4: 903 daAuts
     D:3: 682 daAuts
     D:5: 369 daAuts
